 Dungeon Sprint DCSS version 0.26-a0-660-gc07710193c (webtiles) character file.

Game seed: 1716467425064993149

110767 mhtbhm the Axe Maniac (level 16, -7/273 HPs)
             Began as a Minotaur Fighter on Oct 6, 2020.
             Was the Champion of Trog.
             Mangled by Zudduuto the pandemonium lord (10 damage)
             ... while petrified by Zudduuto
             ... in the Dungeon (Sprint VII: "The Pits").
             The game lasted 00:16:47 (7383 turns).

mhtbhm the Axe Maniac (Minotaur Fighter)            Turns: 7383, Time: 00:16:47

Health: -7/273     AC: 39    Str: 30    XL:     16   Next: 7%
Magic:  15/15      EV:  2    Int:  5    God:    Trog [******]
Gold:   47         SH:  0    Dex: 11    Spells: 15/15 levels left

rFire    + . .     SeeInvis +   x - +3 broad axe (flame)
rCold    + . .     Faith    .   c - +0 kite shield
rNeg     + + +     Spirit   .   b - +2 gold dragon scales
rPois    ∞         Reflect  .   C - +0 mask of the Dragon {MR+ Slay+3 SInv}
rElec    .         Harm     .   p - +2 cloak {MR+}
rCorr    .         Rampage  .   B - +1 pair of gloves
MR       +++..     NoTele   +   D - +1 pair of boots {run}
Stlth    ..........             (no amulet)
HPRegen  0.55/turn              n - +3 ring of strength
MPRegen  0.14/turn              o - +3 ring of protection

@: mighty, berserking (expiring), lethally poisoned (-7 -> -7), petrified,
hasted, lightly drained, quick
A: retaliatory headbutt, horns 2
a: Berserk, Trog's Hand, Brothers in Arms, Renounce Religion


You were in the Dungeon.
You worshipped Trog.
Trog was exalted by your worship.
You visited 1 branch You collected 47 gold pieces.

Inventory:

Hand Weapons
 a - a +4 vorpal broad axe
 x - a +3 broad axe of flaming (weapon)
Armour
 b - +2 gold dragon scales (worn)
 c - a +0 kite shield (worn)
 p - a +2 cloak of magic resistance (worn)
 B - a +1 pair of gloves (worn)
 C - the +0 mask of the Dragon (worn) {MR+ Slay+3 SInv}
   (You found it in the Dungeon)

   It affects your accuracy and damage with ranged weapons and melee attacks
   (+3).
   It affects your resistance to hostile enchantments.
   It lets you see invisible.
 D - a +1 pair of boots of running (worn)
Jewellery
 n - a +3 ring of strength (left hand)
 o - a +3 ring of protection (right hand)
 v - an uncursed ring of protection from fire
 y - an uncursed ring of resist corrosion
Wands
 q - a wand of flame (19)
 z - a wand of iceblast (8)
Scrolls
 j - a scroll of blinking
 l - 5 scrolls of remove curse
 m - a scroll of summoning
 r - 4 scrolls of enchant armour
 t - a scroll of fog
 A - a scroll of identify
Potions
 d - a potion of might
 e - 9 potions of curing
 f - 9 potions of heal wounds
 g - a potion of haste
 h - 6 potions of magic
 i - 6 potions of berserk rage
 k - a potion of invisibility
 s - 2 potions of stabbing
 u - 2 potions of mutation
Miscellaneous
 w - a condenser vane (2/2)


   Skills:
 + Level 26.7(26.3) Fighting
 O Level 27(26.6) Axes
 + Level 22.4(22.0) Armour
 + Level 13.2(12.9) Dodging
 + Level 8.8(8.6) Stealth
 + Level 25.2(24.8) Shields
 + Level 5.1(4.9) Evocations


You had 15 spell levels left.
You didn't know any spells.
Your spell library was empty.

Dungeon Overview and Level Annotations

Branches:
Dungeon (1/1)

Altars:
Cheibriados
Dithmenos
Elyvilon
Fedhas
Gozag
Hepliaklqana
Makhleb
Nemelex Xobeh
Okawaru
Qazlal
Ru
Sif Muna
Trog
Vehumet
Wu Jian
Xom
Yredelemnul
Zin
The Shining One
Beogh
Jiyva
Lugonu


Innate Abilities, Weirdness & Mutations

You reflexively headbutt those who attack you in melee.
You have a pair of horns on your head.


Message History

* * * LOW HITPOINT WARNING * * *
You feel as though your hastened speed will last longer.
Your cyclops closely misses Zudduuto.
You have turned to stone.
Zudduuto touches you!!
* * * LOW HITPOINT WARNING * * *
Your cyclops hits Zudduuto!! Zudduuto touches you!
* * * LOW HITPOINT WARNING * * *
Zudduuto touches you!!
* * * LOW HITPOINT WARNING * * *
Zudduuto burns you.
* * * LOW HITPOINT WARNING * * *
Your cyclops misses Zudduuto.
Zudduuto touches you but does no damage.
Your cyclops completely misses Zudduuto.
Zudduuto sneers, "Slither away whilst life thou hast!"
Zudduuto touches you!
* * * LOW HITPOINT WARNING * * *
You are electrocuted!!
You die...

*#..#############)##..##)#'##.##.
##............))|))...##.#.)+.##.
##.................=..##.'[[#,##.
###########''###########.#|.+,*#.
###########''###########.'..#,*#.
##................##..##.##+#,*#.
##......#..#......##..##..,,,,*#.
##................''..####*****#.
.'..............@&C'..##########)
##......#..#......##.[........)))
##................##...........))
#####'#####''####################
##.......##''##### #############
##.......##.)....# #.........##)
##.......##......# ##.......###(
##...<...###....## ####...######
##.......# ##''## ###..+...+..##.


You could see Zudduuto and a friendly cyclops (summoned, berserk).

Vanquished Creatures
  A Killer Klown (D)
  the Lernaean hydra (D)
  Xtahua (D)
  A pearl dragon (D)
  3 pandemonium lords (D)
  Jory (D)
  A Brimstone Fiend (D)
  A lich (D)
  2 Tzitzimimeh (D)
  A Hell Sentinel (D)
  A deep elf blademaster (D)
  2 tentacled monstrosities (D)
  2 Ice Fiends (D)
  An acid blob (D)
  A deep elf master archer (D)
  A draconian knight (D)
  A balrug (D)
  3 orc warlords (D)
  A ghost moth (D)
  A deep elf demonologist (D)
  A green draconian (D)
  An apis (D)
  Nessos (D)
  A lorocyproca (D)
  2 white draconians (D)
  A green death (D)
  2 blizzard demons (D)
  A death ooze (D)
  A fire dragon (D)
  A rakshasa (D)
  2 vault guards (D)
  5 naga warriors (D)
  A boulder beetle (D)
  A centaur warrior (D)
  A death knight (D)
  8 two-headed ogres (D)
  An alligator snapping turtle (D)
  A deep troll earth mage (D)
  2 ogre magi (D)
  A deep troll shaman (D)
  A soul eater (D)
  2 deep elf knights (D)
  A sun demon (D)
  A fire crab (D)
  2 hell knights (D)
  A sea snake (D)
  4 deep trolls (D)
  A spriggan druid (D)
  A cherub (D)
  2 unseen horrors (D)
  A swamp dragon (D)
  2 wizards (D)
  A lindwurm (D)
  2 phantasmal warriors (D)
  11 orc knights (D)
  2 deep elf magi (D)
  Maurice (D)
  A black mamba (D)
  A gargoyle (D)
  A molten gargoyle (D)
  A smoke demon (D)
  A hellion (D)
  An orange demon (D)
  A komodo dragon (D)
  3 guardian mummies (D)
  2 yaktaurs (D)
  2 ice devils (D)
  A troll (D)
  A red devil (D)
  A wind drake (D)
  A jumping spider (D)
  5 blink frogs (D)
  A small abomination (D)
  A bog body (D)
  A snapping turtle (D)
  3 ynoxinuls (D)
  An air elemental (D)
  2 spriggans (D)
  A water elemental (D)
  A shadow (D)
  A vampire (D)
  A golden eye (D)
  3 vampire mosquitoes (D)
  A warg (D)
  3 hell hounds (D)
  A sky beast (D)
  5 orc warriors (D)
  An eye of draining (D)
  A swamp drake (D)
  2 necrophages (D)
  A centaur (D)
  7 ogres (D)
  An earth elemental (D)
  A gnoll sergeant (D)
  3 killer bees (D)
  6 orc priests (D)
  3 iron imps (D)
  An iguana (D)
  3 orc wizards (D)
  A worker ant (D)
  5 gnolls (D)
  A white imp (D)
  2 oozes (D)
  12 orcs (D)
  2 ball pythons (D)
  A hobgoblin (D)
  3 jackals (D)
  3 kobolds (D)
  A quokka (D)
  A bat (D)
  2 frilled lizards (D)
  A giant cockroach zombie (D)
  A leopard gecko zombie (D)
  2 rats (D)
215 creatures vanquished.

Vanquished Creatures (collateral kills)
  4 hell knights (D)
  2 necromancers (D)
  An orc sorcerer (D)
  2 orc knights (D)
  3 orc warriors (D)
12 creatures vanquished.

Vanquished Creatures (others)
  4 orcs (D)
  A leopard gecko skeleton (D)
5 creatures vanquished.

Grand Total: 232 creatures vanquished

Notes
Turn   | Place    | Note
-------+----------+-------------------------------------------
     0 | D        | mhtbhm the Minotaur Fighter began the quest for the Orb.
     0 | D        | Reached XP level 1. HP: 19/19 MP: 0/0
    16 | D        | Found a bloodstained altar of Trog.
    16 | D        | Found a shimmering blue altar of Sif Muna.
    16 | D        | Found a viscous altar of Jiyva.
    16 | D        | Found a hazy altar of Hepliaklqana.
    16 | D        | Found an opulent altar of Gozag.
    17 | D        | Found a glowing golden altar of the Shining One.
    17 | D        | Found a glowing silver altar of Zin.
    17 | D        | Found a basalt altar of Yredelemnul.
    17 | D        | Found a shimmering altar of Xom.
    17 | D        | Found an ornate altar of the Wu Jian Council.
    17 | D        | Found a sacrificial altar of Ru.
    17 | D        | Found a stormy altar of Qazlal.
    17 | D        | Found an iron altar of Okawaru.
    17 | D        | Found a sparkling altar of Nemelex Xobeh.
    17 | D        | Found a burning altar of Makhleb.
    17 | D        | Found a blossoming altar of Fedhas.
    17 | D        | Found a white marble altar of Elyvilon.
    17 | D        | Found a shadowy altar of Dithmenos.
    17 | D        | Found a snail-covered altar of Cheibriados.
    19 | D        | Found a radiant altar of Vehumet.
    19 | D        | Found a corrupted altar of Lugonu.
    19 | D        | Found a roughly hewn altar of Beogh.
    21 | D        | Became a worshipper of Trog the Wrathful
    66 | D        | Noticed a worker ant
    69 | D        | Killed a worker ant
    69 | D        | Reached * piety under Trog
    69 | D        | Reached skill level 5 in Fighting
    69 | D        | Reached skill level 3 in Axes
    69 | D        | Reached skill level 5 in Armour
    69 | D        | Reached skill level 5 in Shields
    69 | D        | Reached XP level 2. HP: 21/29 MP: 1/1
    69 | D        | Reached XP level 3. HP: 27/36 MP: 2/2
   147 | D        | Reached skill level 1 in Dodging
   147 | D        | Reached ** piety under Trog
   147 | D        | Reached skill level 4 in Axes
   149 | D        | Reached XP level 4. HP: 42/45 MP: 3/3
   152 | D        | Reached *** piety under Trog
   386 | D        | Noticed a deep elf mage
   386 | D        | Noticed an ogre
   389 | D        | Killed an ogre
   389 | D        | Reached **** piety under Trog
   389 | D        | Reached skill level 6 in Axes
   389 | D        | Reached XP level 5. HP: 53/53 MP: 4/4
   396 | D        | Reached ***** piety under Trog
   397 | D        | Killed a deep elf mage
   397 | D        | Reached skill level 9 in Axes
   397 | D        | Reached skill level 10 in Armour
   397 | D        | Reached skill level 1 in Stealth
   397 | D        | Reached XP level 6. HP: 66/66 MP: 5/5
   397 | D        | Reached XP level 7. HP: 71/71 MP: 6/6
   452 | D        | Killed an unseen horror
   452 | D        | Reached skill level 10 in Fighting
   452 | D        | Reached skill level 10 in Axes
   452 | D        | Reached skill level 10 in Shields
   452 | D        | Reached XP level 8. HP: 81/81 MP: 7/7
   556 | D        | Reached skill level 11 in Axes
   564 | D        | Noticed a black mamba
   571 | D        | Killed a black mamba
   571 | D        | Received a gift from Trog
   578 | D        | Reached skill level 12 in Axes
   757 | D        | Noticed Maurice
   768 | D        | Killed Maurice
   768 | D        | Reached XP level 9. HP: 90/90 MP: 2/8
   813 | D        | Killed an unseen horror
   813 | D        | Reached skill level 13 in Axes
   813 | D        | Reached skill level 5 in Dodging
  1054 | D        | Noticed a two-headed ogre
  1054 | D        | Noticed a deep troll
  1055 | D        | Noticed an ogre mage
  1055 | D        | Noticed a two-headed ogre
  1059 | D        | Killed a two-headed ogre
  1059 | D        | Reached ****** piety under Trog
  1059 | D        | Reached skill level 14 in Axes
  1062 | D        | Killed a deep troll
  1062 | D        | Reached XP level 10. HP: 100/100 MP: 3/9
  1063 | D        | Noticed a two-headed ogre
  1063 | D        | Noticed a two-headed ogre
  1068 | D        | Killed a two-headed ogre
  1068 | D        | Reached skill level 15 in Axes
  1069 | D        | Killed an ogre mage
  1069 | D        | Received a gift from Trog
  1075 | D        | Killed a two-headed ogre
  1075 | D        | Reached skill level 16 in Axes
  1075 | D        | Killed a two-headed ogre
  1075 | D        | Reached skill level 15 in Armour
  1176 | D        | Noticed an orc knight
  1176 | D        | Noticed an orc sorcerer
  1176 | D        | Noticed a hell knight
  1176 | D        | Noticed a necromancer
  1178 | D        | Noticed a hell knight
  1178 | D        | Noticed a hell knight
  1178 | D        | Noticed a hell knight
  1183 | D        | Killed a necromancer
  1183 | D        | Received a gift from Trog
  1184 | D        | Killed a hell knight
  1184 | D        | Reached skill level 17 in Axes
  1185 | D        | Paralysed by an orc sorcerer for 2 turns
  1186 | D        | Noticed a hell knight
  1188 | D        | Killed an orc knight
  1188 | D        | Reached XP level 11. HP: 111/111 MP: 3/10
  1190 | D        | Killed an orc sorcerer
  1191 | D        | Noticed a necromancer
  1192 | D        | Noticed a hell knight
  1194 | D        | Killed a hell knight
  1194 | D        | Received a gift from Trog
  1196 | D        | Killed a hell knight
  1196 | D        | Killed a hell knight
  1196 | D        | Reached skill level 15 in Fighting
  1196 | D        | Reached skill level 18 in Axes
  1201 | D        | Killed a necromancer
  1203 | D        | Killed a hell knight
  1203 | D        | Received a gift from Trog
  1210 | D        | Killed a hell knight
  1403 | D        | Noticed a two-headed ogre
  1403 | D        | Noticed a two-headed ogre
  1404 | D        | Noticed an ogre mage
  1404 | D        | Noticed a two-headed ogre
  1407 | D        | Noticed a two-headed ogre
  1409 | D        | Killed a two-headed ogre
  1409 | D        | Reached skill level 19 in Axes
  1410 | D        | Killed a two-headed ogre
  1410 | D        | Received a gift from Trog
  1412 | D        | Killed a two-headed ogre
  1418 | D        | Killed an ogre mage
  1418 | D        | Received a gift from Trog
  1422 | D        | Killed a two-headed ogre
  1422 | D        | Reached skill level 20 in Axes
  1552 | D        | Received a gift from Trog
  1554 | D        | Reached XP level 12. HP: 100/124 MP: 3/11
  2037 | D        | Received a gift from Trog
  2098 | D        | Noticed a boulder beetle
  2111 | D        | Killed a boulder beetle
  2148 | D        | Received a gift from Trog
  2179 | D        | Reached skill level 15 in Shields
  2184 | D        | Received a gift from Trog
  2184 | D        | Reached skill level 21 in Axes
  2311 | D        | Noticed an alligator snapping turtle
  2314 | D        | Noticed an orc warlord
  2317 | D        | Received a gift from Trog
  2319 | D        | Reached skill level 10 in Dodging
  2320 | D        | Received a gift from Trog
  2332 | D        | Received a gift from Trog
  2337 | D        | Killed an alligator snapping turtle
  2348 | D        | Killed an orc warlord
  2370 | D        | Got a polished battleaxe {god gift}
  2371 | D        | Identified the +5 battleaxe of Dullness {vorpal, *Contam
                  | rN+ MR+ Str+3} (Trog gifted it to you in the Dungeon)
  2817 | D        | Noticed a deep elf demonologist
  2817 | D        | Noticed a green draconian
  2817 | D        | Noticed an apis
  2817 | D        | Noticed a centaur warrior
  2818 | D        | Found the +8 orange crystal plate armour {Archmagi, Int+3
                  | Clar}
  2828 | D        | Killed a deep elf demonologist
  2828 | D        | Received a gift from Trog
  2838 | D        | Killed an apis
  2838 | D        | Reached skill level 1 in Evocations
  2844 | D        | Killed a centaur warrior
  2847 | D        | Killed a green draconian
  2847 | D        | Reached skill level 22 in Axes
  2847 | D        | Reached XP level 13. HP: 31/136 MP: 12/12
  3211 | D        | Noticed a Hell Sentinel
  3228 | D        | Killed a Hell Sentinel
  3419 | D        | Received a gift from Trog
  3458 | D        | Noticed Rehytick the pandemonium lord
  3469 | D        | Killed Rehytick the pandemonium lord
  3528 | D        | Noticed a tentacled monstrosity
  3532 | D        | Killed a tentacled monstrosity
  3572 | D        | Noticed a green death
  3577 | D        | Killed a green death
  3733 | D        | Found the +0 mask of the Dragon {MR+ Slay+3 SInv}
  3737 | D        | Received a gift from Trog
  3747 | D        | Noticed Nessos
  3759 | D        | Killed Nessos
  3759 | D        | Received a gift from Trog
  3762 | D        | Reached skill level 23 in Axes
  3765 | D        | Received a gift from Trog
  3781 | D        | Noticed a yellow draconian knight
  3797 | D        | Killed a yellow draconian knight
  3797 | D        | Received a gift from Trog
  3848 | D        | Received a gift from Trog
  4150 | D        | Identified a +1 pair of boots of running (You found it in
                  | the Dungeon)
  4248 | D        | Noticed an orc warlord
  4248 | D        | Noticed an orc warlord
  4250 | D        | Noticed Jory
  4252 | D        | Received a gift from Trog
  4256 | D        | Reached XP level 14. HP: 151/151 MP: 13/13
  4260 | D        | Received a gift from Trog
  4263 | D        | Killed an orc warlord
  4268 | D        | Received a gift from Trog
  4270 | D        | Killed an orc warlord
  4272 | D        | Reached skill level 24 in Axes
  4272 | D        | Reached skill level 5 in Stealth
  4274 | D        | Received a gift from Trog
  4279 | D        | Killed Jory
  4709 | D        | Received a gift from Trog
  4819 | D        | Noticed the 27-headed Lernaean hydra
  4819 | D        | Noticed Bumufi the pandemonium lord
  4827 | D        | Noticed a Hell Sentinel
  4830 | D        | Reached skill level 25 in Axes
  4833 | D        | Killed the 27-headed Lernaean hydra
  4849 | D        | Noticed a Brimstone Fiend
  4850 | D        | Killed Bumufi the pandemonium lord
  4979 | D        | Noticed a deep elf master archer
  4985 | D        | Killed a deep elf master archer
  4985 | D        | Received a gift from Trog
  4985 | D        | Reached XP level 15. HP: 143/166 MP: 14/14
  5049 | D        | Noticed a ghost moth
  5058 | D        | Killed a ghost moth
  5058 | D        | Reached skill level 5 in Evocations
  5063 | D        | Noticed a Tzitzimitl
  5075 | D        | Killed a Tzitzimitl
  5581 | D        | Noticed an Ice Fiend
  5585 | D        | Killed an Ice Fiend
  5585 | D        | Reached skill level 26 in Axes
  5730 | D        | Received a gift from Trog
  5741 | D        | Noticed a Brimstone Fiend
  5750 | D        | Killed a Brimstone Fiend
  6045 | D        | Noticed Ucsontan the pandemonium lord
  6074 | D        | Killed Ucsontan the pandemonium lord
  6329 | D        | Noticed a tentacled monstrosity
  6335 | D        | Killed a tentacled monstrosity
  6375 | D        | Noticed a Killer Klown
  6386 | D        | Killed a Killer Klown
  6576 | D        | Noticed Xtahua
  6582 | D        | Killed Xtahua
  6582 | D        | Received a gift from Trog
  6582 | D        | Reached skill level 27 in Axes
  6655 | D        | Noticed an acid blob
  6659 | D        | Killed an acid blob
  6686 | D        | Noticed a deep elf blademaster
  6695 | D        | Killed a deep elf blademaster
  6707 | D        | Noticed a lich
  6713 | D        | Killed a lich
  6820 | D        | Noticed a pearl dragon
  6831 | D        | Killed a pearl dragon
  6831 | D        | Received a gift from Trog
  7007 | D        | Noticed an Ice Fiend
  7014 | D        | Killed an Ice Fiend
  7014 | D        | Reached XP level 16. HP: 182/182 MP: 15/15
  7086 | D        | Noticed a Tzitzimitl
  7096 | D        | Killed a Tzitzimitl
  7270 | D        | Noticed Zudduuto the pandemonium lord
  7276 | D        | Paralysed by Zudduuto for 6 turns
  7381 | D        | HP: 9/273 [Zudduuto the pandemonium lord (16)]
  7383 | D        | HP: 3/273 [Zudduuto the pandemonium lord (4)]
  7383 | D        | Mangled by Zudduuto the pandemonium lord

Illustrated notes

Levels and vault maps discovered:
D:        pitsprint [storerooms_1, entrance_room_1, metal_vault_2, armoury_3,
          mini_pit_1, grid_room_1, main_hall_1, silver_pit, the_coven_2,
          the_vestibule_1, steel_vault_4, golden_pit, hallway_of_sentries,
          crystal_vault_1, iron_vault_2, final_vault]

Skill      XL: |  1  2  3  4  5  6  7  8  9 10 11 12 13 14 15 |
---------------+----------------------------------------------+-----
Fighting       | 5 6 7 9 10 11 12 14 16 18 21 23 26 | 26.7
Armour         | 5 6 8 10 11 12 13 15 16 17 18 22 | 22.4
Shields        | 5 7 9 10 11 12 13 14 17 20 22 25 | 25.2
Axes           | 3 4 6 9 10 12 14 17 20 22 23 25 27 | 27.0
Dodging        | 1 2 3 4 5 7 9 10 11 13 | 13.2
Stealth        | 1 3 4 8 |  8.8
Evocations     | 1 2 4 5 |  5.1

Action                   |  1- 3 |  4- 6 |  7- 9 | 10-12 | 13-15 | 16-18 || total
-------------------------+-------+-------+-------+-------+-------+-------++-------
Melee: War axe           |    13 |     4 |       |       |       |       ||    17
       Headbutt          |     4 |       |    13 |    37 |    89 |     1 ||   144
       Hand axe          |       |    10 |    34 |       |       |       ||    44
       Broad axe         |       |       |    25 |   178 |   312 |    31 ||   546
Invok: Berserk           |     1 |     1 |     4 |     8 |    16 |     3 ||    33
       Brothers in Arms  |       |       |       |     2 |     4 |     1 ||     7
Evoke: Condenser vane    |       |       |       |     1 |     7 |       ||     8
       Wand              |       |       |       |     1 |       |       ||     1
  Use: Potion            |       |       |       |     1 |     2 |     3 ||     6
       Scroll            |       |       |       |     1 |       |     3 ||     4
 Stab: Confused          |       |       |       |     1 |       |       ||     1
       Invisible         |       |       |       |       |     5 |       ||     5
Armor: Scale mail        |     3 |     2 |    38 |    73 |    28 |       ||   144
       Chain mail        |       |     2 |    12 |       |       |       ||    14
       Gold dragon scale |       |       |       |       |    72 |    14 ||    86
       Plate armour      |       |       |       |       |     1 |       ||     1
Dodge: Dodged            |     3 |     4 |    11 |    77 |    54 |     5 ||   154
Block: Kite shield       |     7 |     5 |    26 |   121 |   137 |    11 ||   307

Table legend: (Time is in decaauts)
 A = Elapsed time spent in this place.
 B = Non-inter-level travel time spent in this place.
 C = Inter-level travel time spent in this place.
 D = Time resting spent in this place.
 E = Time spent auto-exploring this place.
 F = Levels seen in this place.
 G = Mean time per level.
                   A        B        C        D        E       F      G
               +--------+--------+--------+--------+--------+-----+--------+
         Total |   7386 |   7386 |      0 |   4991 |     29 |   1 | 7386.0 |
       Dungeon |   7386 |   7386 |      0 |   4991 |     29 |   1 | 7386.0 |
               +--------+--------+--------+--------+--------+-----+--------+

Top non-repeatable levels by time:
       D: 7386 daAuts
